 Dungeon Sprint DCSS version 0.30-a0-605-gb2882149bf (webtiles) character file.

Game seed: 4215815671837087930

202 NinjaNoafa the Magician (level 5, -5/42 HPs)
             Began as a Gnoll Fire Elementalist on Jan 7, 2023.
             Slain by a queen bee (13 damage)
             ... in the Dungeon (Sprint IV: "Fedhas' Mad Dash").
             The game lasted 00:01:03 (307 turns).

NinjaNoafa the Magician (Gnoll Fire Elementalist)    Turns: 307, Time: 00:01:04

Health: -5/42      AC:  2    Str:  8    XL:     5   Next: 80%
Magic:  7/14       EV: 14    Int: 16    God:
Gold:   62         SH:  0    Dex: 12    Spells: 14/17 levels left

rFire   . . .      SeeInvis .      - Unarmed
rCold   . . .      Faith    .    (no shield)
rNeg    . . .      Spirit   .    a - +0 robe
rPois   .          Reflect  .    (no helmet)
rElec   .          Harm     .    (no cloak)
rCorr   .          Rampage  .    (no gloves)
Will    .....      NoTele   +    (no boots)
Stlth   +++                      i - amulet of invisibility {+Inv}
HPRegen 0.27/turn                (no ring)
MPRegen 0.14/turn                (no ring)

@: no status effects
A: fangs 1, strong nose, distributed training
a: Evoke Invisibility


You were in the Dungeon.
You visited 1 branch You collected 62 gold pieces.

Inventory:

Armour
 a - a +0 robe (worn)
Jewellery
 i - the amulet of invisibility (around neck) {+Inv}
   (You found it in the Dungeon)

   [amulet of nothing]

   +Inv:      It lets you turn invisible.
Potions
 b - 2 potions of magic
 e - a potion of haste
 f - a potion of berserk rage
 h - a potion of might {unknown}


   Skills:
 + Level 4.0 Fighting
 + Level 4.0 Short Blades
 + Level 4.0 Long Blades
 + Level 4.0 Axes
 + Level 4.0 Maces & Flails
 + Level 4.0 Polearms
 + Level 4.0 Staves
 + Level 4.0 Ranged Weapons
 + Level 4.0 Throwing
 + Level 4.0 Armour
 + Level 6.2 Dodging
 + Level 5.9 Stealth
 + Level 4.0 Shields
 + Level 4.0 Unarmed Combat
 + Level 6.5 Spellcasting
 + Level 4.0 Conjurations
 + Level 3.3 Hexes
 + Level 3.3 Summonings
 + Level 3.3 Necromancy
 + Level 3.3 Translocations
 + Level 3.3 Transmutations
 + Level 6.4 Fire Magic
 + Level 3.3 Ice Magic
 + Level 3.3 Air Magic
 + Level 3.3 Earth Magic
 + Level 3.3 Poison Magic
 + Level 4.5 Invocations
 + Level 4.0 Evocations


You had 14 spell levels left.
You knew the following spells:

 Your Spells              Type           Power      Damage    Failure   Level
a - Foxfire               Conj/Fire      88%        2x1d8     1%          1
b - Scorch                Fire           52%        2d8       1%          2

Your spell library contained the following spells:

 Spells                   Type           Power      Damage    Failure   Level
 Inner Flame              Hex/Fire       20%        N/A       5%          3
 Kindle Blastsparks       Fire/Tloc/Air  38%        2d13      6%          3
 Flame Wave               Conj/Fire      22%        2d8       16%         4


Dungeon Overview and Level Annotations

Branches:
Dungeon (1/1)

Altars:
Cheibriados
Gozag
Hepliaklqana
Makhleb
Nemelex Xobeh
Ru
Sif Muna
Trog
Wu Jian
Xom
Yredelemnul
Jiyva

Annotations:
D exclusion: oklob sapling


Innate Abilities, Weirdness & Mutations

You have very sharp teeth.
Your uncanny sense of smell can sniff out nearby items.
Your experience applies equally to all skills.


Message History

The queen bee is lightly wounded.
The foxfire hits the queen bee but does no damage.
The queen bee is lightly wounded.
The foxfire hits the queen bee.
The queen bee is lightly wounded.
Casting: Foxfire (safe; 1% risk of failure)
Confirm with . or Enter, or press ? or * to list all spells.
You conjure some foxfire!
The foxfire hits the queen bee.
The queen bee is moderately wounded.
Your foxfire dissipates!
The foxfire hits the queen bee.
The queen bee is moderately wounded.
Casting: Foxfire (safe; 1% risk of failure)
Confirm with . or Enter, or press ? or * to list all spells.
Flames lash the queen bee.
The queen bee is heavily wounded.
The queen bee's fire resistance burns away.
The queen bee stings you.
* * * LOW HITPOINT WARNING * * *
Casting: Scorch (safe; 1% risk of failure)
Confirm with . or Enter, or press ? or * to list all spells.
You conjure some foxfire!
The queen bee closely misses you.
Casting: Foxfire (safe; 1% risk of failure)
Confirm with . or Enter, or press ? or * to list all spells.
You conjure some foxfire!
The foxfire hits the queen bee but does no damage.
The queen bee is heavily wounded.
The foxfire hits the queen bee but does no damage.
The queen bee is heavily wounded.
The queen bee stings you.
* * * LOW HITPOINT WARNING * * *
The foxfire hits the queen bee.
The queen bee is heavily wounded.
The foxfire hits the queen bee!
The queen bee is burned terribly!
The queen bee is severely wounded.
There is an open door here.
Casting: Foxfire (safe; 1% risk of failure)
Confirm with . or Enter, or press ? or * to list all spells.
You conjure some foxfire!
The queen bee stings you!
You die...

######################
#<..P#v....#.....#.⌠._
#PP..@y...†'.#(†.'.._.
#PPPP#v.÷..#.#..y#..._
###############'##.._.
...♣.y..y...'...#._._
yyy...♣.....#...#####
♣..♣..###### #+##### ∆
∆ ∆∆∆∆ ∆ ∆ ∆


You could see a queen bee (combustible, ally target).

Vanquished Creatures
  A scorpion (D)
  2 killer bees (D)
  2 oklob saplings (D)
  A river rat (D)
  A rat (D)
7 creatures vanquished.

Vanquished Creatures (collateral kills)
  A foxfire (D)
1 creature vanquished.

Vanquished Creatures (others)
  28 foxfires (D)
28 creatures vanquished.

Grand Total: 36 creatures vanquished

Notes
Turn   | Place    | Note
-------+----------+-------------------------------------------
     0 | D        | NinjaNoafa the Gnoll Fire Elementalist began the quest for
                  | the Orb.
     0 | D        | Reached XP level 1. HP: 13/13 MP: 6/6
    11 | D        | Reached skill level 1 in Fighting
    11 | D        | Reached skill level 1 in Short Blades
    11 | D        | Reached skill level 1 in Long Blades
    11 | D        | Reached skill level 1 in Axes
    11 | D        | Reached skill level 1 in Maces & Flails
    11 | D        | Reached skill level 1 in Polearms
    11 | D        | Reached skill level 1 in Staves
    11 | D        | Reached skill level 1 in Ranged Weapons
    11 | D        | Reached skill level 1 in Throwing
    11 | D        | Reached skill level 1 in Armour
    11 | D        | Reached skill level 1 in Shields
    11 | D        | Reached skill level 1 in Unarmed Combat
    11 | D        | Reached skill level 5 in Spellcasting
    11 | D        | Reached skill level 1 in Hexes
    11 | D        | Reached skill level 1 in Summonings
    11 | D        | Reached skill level 1 in Necromancy
    11 | D        | Reached skill level 1 in Translocations
    11 | D        | Reached skill level 1 in Transmutations
    11 | D        | Reached skill level 1 in Ice Magic
    11 | D        | Reached skill level 1 in Air Magic
    11 | D        | Reached skill level 1 in Earth Magic
    11 | D        | Reached skill level 1 in Poison Magic
    11 | D        | Reached skill level 1 in Invocations
    11 | D        | Reached skill level 1 in Evocations
    11 | D        | Reached XP level 2. HP: 21/21 MP: 2/8
    64 | D        | Learned a level 2 spell: Scorch
    69 | D        | Noticed an oklob sapling
    71 | D        | Killed an oklob sapling
    72 | D        | Reached skill level 5 in Dodging
    72 | D        | Reached XP level 3. HP: 27/27 MP: 4/9
   117 | D        | Noticed a scorpion
   117 | D        | Found the amulet of invisibility {+Inv}
   125 | D        | Killed a scorpion
   126 | D        | Reached skill level 5 in Stealth
   126 | D        | Reached XP level 4. HP: 21/35 MP: 2/11
   217 | D        | Reached XP level 5. HP: 41/41 MP: 7/13
   275 | D        | Noticed a queen bee
   284 | D        | Found an opulent altar of Gozag.
   284 | D        | Found a hazy altar of Hepliaklqana.
   284 | D        | Found a snail-covered altar of Cheibriados.
   285 | D        | Found a viscous altar of Jiyva.
   285 | D        | Found a burning altar of Makhleb.
   285 | D        | Found a sparkling altar of Nemelex Xobeh.
   285 | D        | Found a sacrificial altar of Ru.
   285 | D        | Found a shimmering blue altar of Sif Muna.
   285 | D        | Found a bloodstained altar of Trog.
   285 | D        | Found an ornate altar of the Wu Jian Council.
   285 | D        | Found a shimmering altar of Xom.
   285 | D        | Found a basalt altar of Yredelemnul.
   307 | D        | Slain by a queen bee

Illustrated notes

Levels and vault maps discovered:
D:        dungeon_sprint_fedhas [sprint_temple]

Skill      XL: |  1  2  3  4  5 |
---------------+----------------+-----
Conjurations   | 2 3 4 |  4.0
Fighting       | 1 2 3 4 |  4.0
Short Blades   | 1 2 3 4 |  4.0
Long Blades    | 1 2 3 4 |  4.0
Axes           | 1 2 3 4 |  4.0
Maces & Flails | 1 2 3 4 |  4.0
Polearms       | 1 2 3 4 |  4.0
Staves         | 1 2 3 4 |  4.0
Ranged Weapons | 1 2 3 4 |  4.0
Throwing       | 1 2 3 4 |  4.0
Armour         | 1 2 3 4 |  4.0
Shields        | 1 2 3 4 |  4.0
Unarmed Combat | 1 2 3 4 |  4.0
Spellcasting   | 5 6 |  6.5
Hexes          | 1 2 3 |  3.3
Summonings     | 1 2 3 |  3.3
Necromancy     | 1 2 3 |  3.3
Translocations | 1 2 3 |  3.3
Transmutations | 1 2 3 |  3.3
Ice Magic      | 1 2 3 |  3.3
Air Magic      | 1 2 3 |  3.3
Earth Magic    | 1 2 3 |  3.3
Poison Magic   | 1 2 3 |  3.3
Invocations    | 1 2 3 4 |  4.5
Evocations     | 1 2 3 4 |  4.0
Dodging        | 5 6 |  6.2
Stealth        | 5 |  5.9
Fire Magic     | 6 |  6.4

Action                   |  1- 3 |  4- 6 || total
-------------------------+-------+-------++-------
 Cast: Foxfire           |     7 |    10 ||    17
       Scorch            |     4 |     5 ||     9
  Use: Potion            |       |     3 ||     3
       Scroll            |       |     1 ||     1
Armor: Robe              |     1 |     2 ||     3
Dodge: Dodged            |     6 |    27 ||    33

Table legend: (Time is in decaauts)
 A = Elapsed time spent in this place.
 B = Non-inter-level travel time spent in this place.
 C = Inter-level travel time spent in this place.
 D = Time resting spent in this place.
 E = Time spent auto-exploring this place.
 F = Levels seen in this place.
 G = Mean time per level.
                   A        B        C        D        E       F      G
               +--------+--------+--------+--------+--------+-----+--------+
         Total |    307 |    307 |      0 |     50 |    179 |   1 |  307.0 |
       Dungeon |    307 |    307 |      0 |     50 |    179 |   1 |  307.0 |
               +--------+--------+--------+--------+--------+-----+--------+

Top non-repeatable levels by time:
       D: 307 daAuts
